 Dungeon Crawl Stone Soup version 0.29.0-13-gc9e81de378 (webtiles) character file.

Game seed: 16514421166863937645

3122 Angani the Magician (level 9, -2/69 HPs)
             Began as a Demonspawn Cinder Acolyte on Sept 8, 2022.
             Was an Elder of Ignis.
             Slain by an orc warrior
             ... wielding a +0 war axe
              (17 damage)
             ... on level 7 of the Dungeon.
             The game lasted 00:20:39 (9719 turns).

Angani the Magician (Demonspawn Cinder Acolyte)     Turns: 9719, Time: 00:20:39

Health: -2/69      AC:  7    Str: 17    XL:     9   Next: 60%
Magic:  11/19      EV: 15    Int: 18    God:    Ignis [****..]
Gold:   817        SH:  0    Dex:  8    Spells: 12/21 levels left

rFire   + + .      SeeInvis .   n - +7 staff of the Meek {protect, meekguard}
rCold   . . .      Faith    .   (shield currently unavailable)
rNeg    . . .      Spirit   .   l - +3 robe of Luoric {rF+}
rPois   .          Reflect  .   (helmet restricted)
rElec   .          Harm     .   (no cloak)
rCorr   .          Rampage  .   (no gloves)
Will    +....                   (no boots)
Stlth   +.........              (no amulet)
HPRegen 0.21/turn               u - ring of willpower
MPRegen 0.16/turn               w - +4 ring of evasion

@: freezing walls
A: antennae 1, demonic guardian 1, ignite blood 1, sharp scales 2
a: Renounce Religion, Fiery Armour, Foxfire Swarm, Rising Flame


You were on level 7 of the Dungeon.
You worshipped Ignis.
Ignis was greatly pleased with you.
You visited 1 branch of the dungeon, and saw 8 of its levels.
You also visited: Ossuary.

You collected 817 gold pieces.

Inventory:

Hand Weapons
 a - a -1 spear of flaming
 n - the +7 staff of the Meek (weapon) {protect, meekguard}
   (You found it on level 7 of the Dungeon)

   It grants its wielder temporary protection when it strikes (+7 to AC).
   It provides extra protection to wielders with little health.
 v - a +8 club of freezing
Missiles
 A - a throwing net (quivered)
Armour
 l - the +3 robe of Luoric (worn) {rF+}
   (You found it on level 3 of the Dungeon)

   rF:        It protects you from fire.
 B - a +3 kite shield
Magical Staves
 o - a staff of conjuration
Jewellery
 u - a ring of willpower (left hand)
 w - a +4 ring of evasion (right hand)
Wands
 b - a wand of polymorph (2)
 k - a wand of light (3)
 t - a wand of roots (4)
Scrolls
 e - 2 scrolls of poison
 f - 3 scrolls of amnesia
 i - 3 scrolls of teleportation
 p - a scroll of enchant armour
 q - a scroll of fear
 y - 2 scrolls of vulnerability
Potions
 c - 3 potions of curing {unknown}
 d - a potion of brilliance {unknown}
 g - 2 potions of attraction {unknown}
 h - 2 potions of might
 j - a potion of ambrosia {unknown}
 m - a potion of resistance {unknown}
 r - 2 potions of mutation {unknown}
 s - a potion of haste {unknown}
 x - 2 potions of flight {unknown}
 z - a potion of cancellation
 C - a potion of heal wounds


   Skills:
 - Level 5.6 Fighting
 - Level 4.4 Maces & Flails
 - Level 5.1 Polearms
 + Level 6.9 Spellcasting
 + Level 3.1 Summonings
 - Level 2.6 Fire Magic
 - Level 4.8 Ice Magic
 + Level 2.7 Air Magic


You had 12 spell levels left.
You knew the following spells:

 Your Spells              Type           Power      Damage    Failure   Level
a - Scorch                Fire           30%        2d6       5%          2
b - Frozen Ramparts       Ice            46%        1d7       4%          3
c - Summon Lightning Spi  Summ/Air       16%        N/A       32%         4

Your spell library contained the following spells:

 Spells                   Type           Power      Damage    Failure   Level
 Summon Small Mammal      Summ           68%        N/A       3%          1
 Call Canine Familiar     Summ           17%        N/A       9%          3
 Summon Guardian Golem    Hex/Summ       11%        N/A       17%         3
 Inner Flame              Hex/Fire       11%        N/A       19%         3
 Summon Ice Beast         Ice/Summ       20%        N/A       22%         4
 Gell's Gravitas          Tloc           6%         N/A       32%         3
 Lesser Beckoning         Tloc           6%         N/A       32%         3
 Teleport Other           Tloc           6%         N/A       32%         3
 Ice Form                 Ice/Tmut       14%        N/A       38%         4
 Cause Fear               Hex            3%         N/A       73%         4
 Storm Form               Tmut/Air       5%         N/A       100%        7
 Discord                  Hex            3%         N/A       100%        8
 Maxwell's Capacitive Co  Air            8%         ∞         100%        8


Dungeon Overview and Level Annotations

Branches:
Dungeon (8/15)             Temple (0/1) D:7         Ossuary (visited)
   Lair: D:8-11

Altars:
Ashenzari
Gozag
Sif Muna


Innate Abilities, Weirdness & Mutations

You have a pair of small antennae on your head.
A weak demonic guardian rushes to your aid.
Your demonic aura sometimes causes spilled blood to erupt in flames.
You are mostly covered in razor-sharp scales. (AC +2, Slay +2)


Message History

Press: ? - help, Dir - look around, f - activate A stone staircase leading down, spattered with blood.
The walls around you are covered in ice.
Your ufetubus hits the orc warrior but does no damage.
Your ufetubus misses the orc warrior.
The wall freezes the orc warrior but does no damage.
The orc warrior misses you.
The orc warrior hits your ufetubus with a +0 war axe!
Your ufetubus dies!
Your ufetubus disappears in a puff of smoke!
Unknown command.
You barely miss the orc warrior.
The orc warrior is lightly wounded.
The wall freezes the orc warrior but does no damage.
The orc warrior hits you with a +0 war axe.
Unknown command.
You hit the orc warrior.
Your weapon exudes an aura of protection.
The orc warrior is moderately wounded.
The wall freezes the orc warrior but does no damage.
The orc warrior hits you with a +0 war axe!
Unknown command.
You barely miss the orc warrior.
The orc warrior is moderately wounded.
The wall freezes the orc warrior.
The orc warrior hits you with a +0 war axe!
* * * LOW HITPOINT WARNING * * *
Unknown command.
Casting: Frozen Ramparts (dangerous; 4% risk of failure)
Confirm with . or Enter, or press ? or * to list all spells.
You don't know that spell.
Unknown command.
Aiming: Bolt of Light
Press: ? - help, Shift-Dir - straight line, f - orc warrior
Aim: an orc warrior, wielding a +0 war axe, wearing a +0 plate armour and quivering silver boomerangs (heavily wounded, strong, 71% to hit)
The bolt of light hits the orc warrior!
The orc warrior is severely wounded.
The orc warrior is blinded.
The wall freezes the orc warrior.
The orc warrior hits you with a +0 war axe!
You die...

#.##.......#.######............##
.....#####.#.# #.##########.#
...........#.# #.# #.#
..#..#####.#.# #.####### #.#
.........#.#.# #.#.....# #.##
#.....##.#.#.# #.#.....# #...
##.#..##...#.# #.#.....# ####
##....######.######.#.....# #
................@##.#.....#######
#............#...o...............
#.#####......#......###########..
#.# #........###.#############..#
#.###.#.......:.[[.[[..........##
......#.......##.###########..##.
.######.......##.# ###..#.## .##
#........##'#### #...##..# ..##
#..............# ##..###...


You could see an orc warrior (strong, blind).

Vanquished Creatures
  A wyvern (D:8)
  A steam dragon (D:8)
  3 water moccasins
  An ice beast (D:4)
  3 black bears
  2 orc warriors (D:6)
  3 ogres
  A sky beast (D:4)
  Blork the orc (D:5)
  2 elf zombies (Ossuary)
  A bullfrog (D:6)
  3 scorpions
  5 wights (D:7)
  4 howler monkeys
  A jelly (D:6)
  5 hounds
  Ijyb (D:5)
  2 iguanas
  5 orc wizards
  Natasha (thrice) (D:3)
  3 mummies
  5 adders
  10 gnolls
  3 ufetubi
  A worm (D:2)
  2 dart slugs
  23 orcs
  7 ball pythons
  6 endoplasms
  3 giant cockroaches (D:4)
  17 goblins
  12 hobgoblins
  6 jackals
  12 kobolds
  4 quokkas
  5 frilled lizards
  2 gnoll zombies (Ossuary)
  2 goblin zombies (Ossuary)
  A kobold zombie (D:7)
  7 orc zombies
  9 rats
188 creatures vanquished.

Vanquished Creatures (collateral kills)
  A gnoll zombie (Ossuary)
  An orc zombie (Ossuary)
2 creatures vanquished.

Vanquished Creatures (others)
  14 foxfires (D:4)
  3 plants
17 creatures vanquished.

Grand Total: 207 creatures vanquished

Notes
Turn   | Place    | Note
-------+----------+-------------------------------------------
     0 | D:1      | Angani the Demonspawn Cinder Acolyte began the quest for
                  | the Orb.
     0 | D:1      | Reached XP level 1. HP: 18/18 MP: 2/2
   137 | D:1      | Gained mutation: You have a pair of small antennae on your
                  | head. [demonic ancestry]
   137 | D:1      | Reached XP level 2. HP: 20/24 MP: 3/3
   943 | D:1      | Learned a level 2 spell: Scorch
  1478 | D:2      | Reached XP level 3. HP: 29/29 MP: 4/4
  2116 | D:2      | Found a faded altar of an unknown god.
  2476 | D:3      | Identified the +3 robe of Luoric {rF+}
  2539 | D:3      | Noticed Natasha
  2551 | D:3      | Gained mutation: You are partially covered in razor-sharp
                  | scales. (AC +1, Slay +1) [demonic ancestry]
  2551 | D:3      | Reached XP level 4. HP: 31/37 MP: 5/5
  2556 | D:3      | Killed Natasha
  2817 | D:3      | Noticed Natasha
  2827 | D:3      | Killed Natasha
  2846 | D:3      | Noticed Natasha
  2855 | D:3      | Killed Natasha
  2856 | D:3      | Gained mutation: You are mostly covered in razor-sharp
                  | scales. (AC +2, Slay +2) [demonic ancestry]
  2856 | D:3      | Reached XP level 5. HP: 30/43 MP: 3/7
  3304 | D:4      | Noticed an ice beast
  3322 | D:4      | Killed an ice beast
  3323 | D:4      | Reached skill level 2 in Spellcasting
  3404 | D:4      | Reached XP level 6. HP: 40/50 MP: 4/9
  3466 | D:4      | Noticed a sky beast
  3475 | D:4      | Killed a sky beast
  3476 | D:4      | Reached skill level 5 in Fighting
  3479 | D:4      | Reached skill level 3 in Spellcasting
  3621 | D:4      | Reached XP level 7. HP: 52/56 MP: 11/11
  3712 | D:4      | Found a broken altar of Ashenzari.
  3737 | D:4      | Reached skill level 5 in Polearms
  4057 | D:4      | Learned a level 3 spell: Frozen Ramparts
  4156 | D:4      | Noticed an angel
  4337 | D:4      | Found a shimmering blue altar of Sif Muna.
  4528 | D:5      | Entered Level 5 of the Dungeon
  4533 | D:5      | Reached skill level 4 in Spellcasting
  4533 | D:5      | Reached skill level 1 in Ice Magic
  4707 | D:5      | Noticed Ijyb
  4714 | D:5      | Killed Ijyb
  5130 | D:5      | Gained mutation: A weak demonic guardian rushes to your
                  | aid. [demonic ancestry]
  5130 | D:5      | Reached XP level 8. HP: 64/64 MP: 7/15
  5452 | D:5      | Reached skill level 5 in Spellcasting
  5723 | D:5      | Noticed Blork the orc
  5737 | D:5      | Killed Blork the orc
  6566 | D:6      | Reached skill level 1 in Maces & Flails
  6908 | D:6      | Reached skill level 6 in Spellcasting
  7254 | D:6      | Gained mutation: Your demonic aura sometimes causes spilled
                  | blood to erupt in flames. [demonic ancestry]
  7254 | D:6      | Reached XP level 9. HP: 36/69 MP: 0/18
  7665 | D:6      | Learned a level 4 spell: Summon Lightning Spire
  7697 | D:7      | Found an opulent altar of Gozag.
  7722 | D:7      | Found a staircase to the Ecumenical Temple.
  7806 | D:7      | Reached skill level 1 in Summonings
  7806 | D:7      | Reached skill level 1 in Air Magic
  7818 | D:7      | Found a sand-covered staircase.
  7828 | Ossuary  | Entered an ossuary
  8744 | D:7      | Found the +7 staff of the Meek {protect, meekguard}
  9415 | D:8      | Noticed a two-headed ogre
  9719 | D:7      | Slain by an orc warrior

Illustrated notes

Levels and vault maps discovered:
D:1:      dpeg_arrival_simpleton_c, layout_basic
D:2:      layout_rooms, shapermc_ecumenical_altar_ellora
D:3:      layout_rooms, kennysheep_nub, serial_bayou_lagoon_b, uniq_natasha
D:4:      cheibrodos_barr_body, layout_loops_ring, zin_angel,
          mainiacjoe_overflow_small_starburst, mainiacjoe_overflow_alcove_1,
          grunt_decor_junction
D:5:      corexii_shantytown, layout_basic, uniq_blork_the_orc, uniq_ijyb
D:6:      layout_cave_pools, lightli_minifort
D:7:      layout_basic, lemuel_round_altar, minmay_temple_entry_glass,
          nicolae_ossuary_entry_giza
D:8:      layout_rooms

Skill      XL: |  1  2  3  4  5  6  7  8  9 |
---------------+----------------------------+-----
Polearms       | 3 4 5 |  5.1
Fighting       | 4 5 |  5.6
Spellcasting   | 2 3 4 6 |  6.9
Ice Magic      | 2 4 |  4.8
Maces & Flails | 3 4 |  4.4
Summonings     | 3 |  3.1
Air Magic      | 2 |  2.7
Fire Magic     | |  2.6

Action                   |  1- 3 |  4- 6 |  7- 9 || total
-------------------------+-------+-------+-------++-------
Melee: Spear             |   180 |    68 |    39 ||   287
       Club              |       |       |   174 ||   174
       Punch             |       |       |     3 ||     3
       Quarterstaff      |       |       |    23 ||    23
 Cast: Scorch            |     1 |    16 |   112 ||   129
       Frozen Ramparts   |       |       |    16 ||    16
Invok: Foxfire Swarm     |       |     1 |       ||     1
       Fiery Armour      |       |     1 |     1 ||     2
Evoke: Wand              |     1 |     1 |     6 ||     8
  Use: Scroll            |       |       |    14 ||    14
       Potion            |       |       |     1 ||     1
 Stab: Sleeping          |     1 |       |       ||     1
       Distracted        |       |       |     1 ||     1
Armor: Robe              |    13 |    27 |    91 ||   131
       Plate armour      |    25 |       |       ||    25
       Skin              |       |       |     4 ||     4
Dodge: Dodged            |    59 |    28 |   211 ||   298
